AoeStats
← [Massa] Edo

Arena

509514014Analyzed
2v2 RM · 4d ago on Sep 27, 2026· 51m 42s· 4 players
Game mode
Random Map
Map size
Medium (4 player)
Population
200
Speed
Normal
Resources
Standard
Victory
Conquest
Starting age
Dark Age
Ending age
Imperial Age
RankedLock teamsTeams togetherTeam positionsShared explorationLock speedFull tech treeHidden civsTurbo modeCheats
Victory
Defeat
🇦🇷 Lithuanians · Argentina
1611
+9
🇦🇷 Slavs · Argentina
1333
+19
🇧🇷 Malians · Brazil
1445
-15
🇧🇷 Tatars · Brazil
1415
-13
[Massa] Edo
10:21 Feudal Age
14:43 Castle Age
13:32 Double-Bit Axe
13:29 Horse Collar
16:33 Bow Saw
21:29 Forging
22:35 Wheelbarrow
21:46 Loom
26:10 Imperial Age
24:00 Gold Mining
24:15 Heavy Plow
24:34 Scale Mail Armor
24:41 Squires
25:50 Iron Casting
25:51 Arson
26:22 Chain Mail Armor
26:42 Devotion
31:37 Crop Rotation
31:53 Plate Mail Armor
33:36 Gold Shaft Mining
34:32 Conscription
34:55 Scale Barding Armor
36:05 Chain Barding Armor
35:48 Farimba
37:48 Plate Barding Armor
38:48 Husbandry
38:58 Bloodlines
39:41 Heavy Camel Rider
40:27 Light Cavalry
41:59 Hand Cart
48:45 Stone Mining
49:44 Fletching
49:54 Padded Archer Armor
51:00 Bodkin Arrow
tg
11:12 Feudal Age
12:03 Double-Bit Axe
11:58 Horse Collar
14:58 Castle Age
13:41 Fletching
15:52 Bodkin Arrow
16:19 Bow Saw
16:26 Loom
22:20 Wheelbarrow
23:00 Heavy Plow
23:03 Gold Mining
25:34 Padded Archer Armor
27:52 Ballistics
32:10 Gold Shaft Mining
35:08 Imperial Age
34:08 Hand Cart
35:09 Husbandry
35:19 Bloodlines
35:26 Leather Archer Armor
35:51 Bracer
35:54 Heavy Cavalry Archer
37:45 Chemistry
36:45 Heavy Cavalry Archer
42:22 Crop Rotation
42:10 Light Cavalry
42:50 Capped Ram
45:01 Onager
45:38 Treadmill Crane
46:44 Ring Archer Armor
47:02 Siege Engineers
47:14 Siege Ram
48:27 Conscription
49:08 Scale Barding Armor
50:14 Timurid Siegecraft
51:03 Hussar
khermir
10:37 Feudal Age
14:55 Castle Age
12:57 Loom
13:12 Double-Bit Axe
14:13 Horse Collar
16:13 Bow Saw
20:29 Wheelbarrow
20:59 Town Watch
24:06 Heavy Plow
25:25 Hand Cart
29:11 Imperial Age
27:40 Fletching
28:25 Ballistics
28:16 Masonry
28:30 Bodkin Arrow
30:49 Murder Holes
36:35 Forging
37:32 Bloodlines
37:22 Husbandry
38:02 Heavy Scorpion
40:02 Chemistry
39:32 Siege Engineers
40:07 Iron Casting
39:37 Scale Barding Armor
40:02 Town Patrol
43:27 Scale Mail Armor
44:27 Blast Furnace
42:59 Pikeman
43:40 Squires
44:03 Conscription
44:32 Druzhina
45:36 Chain Mail Armor
46:11 Halberdier
46:31 Capped Ram
48:42 Hoardings
48:45 Onager
50:14 Cavalier
50:17 Light Cavalry
51:20 Chain Barding Armor
51:31 Plate Mail Armor
51:12 Siege Onager
Lucsor
7:20 Loom
9:59 Feudal Age
13:34 Castle Age
12:28 Double-Bit Axe
12:45 Horse Collar
18:26 Loom
20:35 Gold Mining
24:18 Wheelbarrow
27:55 Imperial Age
26:05 Bloodlines
25:58 Stone Mining
25:55 Town Watch
26:43 Scale Barding Armor
27:49 Chain Barding Armor
27:55 Heavy Plow
28:15 Bow Saw
29:22 Plate Barding Armor
29:49 Forging
29:47 Husbandry
31:40 Iron Casting
31:30 Elite Leitis
32:43 Hand Cart
33:49 Chemistry
34:01 Two-Man Saw
34:48 Conscription
35:57 Hoardings
36:45 Guilds
37:07 Coinage
37:18 Guilds
37:43 Crop Rotation
37:49 Stone Shaft Mining
37:26 Fletching
37:58 Ballistics
38:19 Banking
38:52 Hoardings
40:47 Bodkin Arrow
40:56 Tower Shields
41:37 Padded Archer Armor
41:51 Town Patrol
41:37 Treadmill Crane
41:45 Elite Skirmisher
43:54 Bracer
44:33 Scale Mail Armor
44:54 Leather Archer Armor
44:25 Pikeman
46:00 Halberdier
47:00 Chain Mail Armor
47:16 Ring Archer Armor
46:59 Squires
48:52 Masonry
49:16 Caravan
49:26 Guilds
50:54 Murder Holes
51:30 Architecture
Connection lost

Rejoining the realm…

Still unreachable

The connection could not be restored.

Session expired

The server has moved on; the page needs a fresh start.